 Dungeon Crawl Stone Soup version 0.28-a0-909-g796cbd3a86 (webtiles) character file.

Game seed: 3143441143130571616

236667 mcbry74 the Severer (level 19, -7/182 HPs)
             Began as a Hill Orc Fighter on Nov 23, 2021.
             Was the Champion of Okawaru.
             Killed from afar by Asterion (25 damage)
             ... with an iron shot
             ... on level 1 of the Depths on Nov 24, 2021.
             The game lasted 04:32:42 (47136 turns).

mcbry74 the Severer (Hill Orc Fighter)             Turns: 47136, Time: 04:32:43

Health: -7/182     AC: 30    Str: 22    XL:     19   Next: 21%
Magic:  28/29      EV: 16    Int:  8    God:    Okawaru [******]
Gold:   1637       SH: 12    Dex: 27    Spells: 18/18 levels left

rFire   + + .      SeeInvis .   U - +8 broad axe of Perfectionism {freeze, Stlth+}
rCold   . . .      Faith    .   i - +3 buckler of Nawif {-Cast +Blink rPois Dex+6}
rNeg    + . .      Spirit   .   Q - +3 plate armour {rN+}
rPois   +          Reflect  .   x - +0 helmet
rElec   .          Harm     .   k - +2 cloak {Will+}
rCorr   .          Rampage  .   J - +1 pair of gloves {Dex+3}
Will    +++++      NoCast   +   b - +2 pair of boots of the Unbroken {rF+ Will+++ Str-5 Dex+8}
Stlth   ..........              Z - amulet of Vitality {Regen+ HP+15}
HPRegen 1.40/turn               B - ring of fire
MPRegen 0.21/turn               w - ring of protection from cold

@: on blink cooldown, studying Dodging, invisible
A: no striking features
}: 2/15 runes: barnacled, gossamer
a: Renounce Religion, Evoke Blink, Heroism, Finesse, Duel


You were on level 1 of the Depths.
You worshipped Okawaru.
Okawaru was exalted by your worship.
You visited 7 branches of the dungeon, and saw 33 of its levels.
You also visited: Sewer.

You collected 4090 gold pieces.
You spent 2453 gold pieces at shops.

Inventory:

Hand Weapons
 C - a +2 morningstar of holy wrath
 S - the +7 scimitar "Ogah" {vorpal, rElec rF- rN+ Int+4}
   (You found it on level 1 of the Orcish Mines)

   It inflicts extra damage upon your enemies.
   Int:       It affects your intelligence (+4).
   rF:        It makes you vulnerable to fire.
   rElec:     It insulates you from electricity.
   rN:        It protects you from negative energy.
 U - the +8 broad axe of Perfectionism (weapon) {freeze, Stlth+}
   (You found it on level 2 of the Orcish Mines)

   It freezes those it strikes, dealing additional cold damage.
   It can also slow down cold-blooded creatures.
   Stlth:     It makes you more stealthy.
 V - the +7 captain's cutlass {speed, disarm}
   (You found it on level 2 of the Orcish Mines)

   Attacks with this weapon are significantly faster.
   It may disarm weapon-wielding foes when striking them, dealing extra damage
   in the process.
Missiles
 l - 2 silver javelins
 P - 8 boomerangs (quivered)
 T - 9 curare-tipped darts
Armour
 b - the +2 pair of boots of the Unbroken (worn) {rF+ Will+++ Str-5 Dex+8}
   (Okawaru gifted it to you on level 13 of the Dungeon)

   Str:       It affects your strength (-5).
   Dex:       It affects your dexterity (+8).
   rF:        It protects you from fire.
   Will:      It greatly increases your willpower.
 i - the +3 buckler of Nawif (worn) {-Cast +Blink rPois Dex+6}
   (Okawaru gifted it to you on level 2 of the Orcish Mines)

   Dex:       It affects your dexterity (+6).
   rPois:     It protects you from poison.
   +Blink:    It lets you blink.
   -Cast:     It prevents spellcasting.
 k - a +2 cloak of willpower (worn)
 x - a +0 helmet (worn)
 J - a +1 pair of gloves of dexterity (worn)
 Q - a +3 plate armour of positive energy (worn)
Jewellery
 c - a +4 ring of evasion
 g - a +4 ring of slaying
 j - a ring of see invisible
 w - a ring of protection from cold (right hand)
 B - a ring of fire (left hand)
 I - a ring of resist corrosion
 K - a ring of flight
 Z - the amulet of Vitality (around neck) {Regen+ HP+15}
   (You found it on level 10 of the Dungeon)

   [amulet of regeneration]

   HP:        It affects your health (+15).
   Regen:     It increases your rate of health regeneration.
Wands
 h - a wand of acid (20)
 n - a wand of polymorph (14)
 u - a wand of iceblast (20)
 v - a wand of flame (3)
 y - a wand of mindburst (20)
 O - a wand of paralysis (37)
 R - a wand of digging (20)
Scrolls
 a - 3 scrolls of enchant weapon
 f - 2 scrolls of summoning
 p - a scroll of identify
 q - 2 scrolls of fog
 A - 2 scrolls of magic mapping
 F - 5 scrolls of teleportation
 G - a scroll of fear
Potions
 d - 5 potions of might
 e - 12 potions of curing
 o - a potion of berserk rage
 r - 3 potions of haste
 t - 3 potions of ambrosia
 z - 2 potions of brilliance
 D - a potion of cancellation
 N - 4 potions of magic
 X - a potion of heal wounds
Miscellaneous
 L - a tin of tremorstones (2/2)
 M - a phantom mirror
 W - a condenser vane


   Skills:
 + Level 14.2 Fighting
 - Level 14.3(15.5) Short Blades
 - Level 10.7(14.4) Long Blades
 + Level 16.6(17.3) Axes
 - Level 6.9(11.4) Maces & Flails
 - Level 10.0 Throwing
 + Level 14.0 Armour
 + Level 12.0 Dodging
 + Level 12.1 Shields
 - Level 14.0 Invocations
 - Level 10.3 Evocations


You had 18 spell levels left.
You didn't know any spells.
Your spell library contained the following spells:

 Spells                   Type           Power      Damage    Failure   Level
 Shock                    Conj/Air       0%         1d3       99%         1
 Corpse Rot               Necr/Air       0%         N/A       100%        2
 Passwall                 Tmut/Erth      0%         N/A       100%        2
 Poisonous Vapours        Pois/Air       0%         N/A       100%        2
 Conjure Flame            Conj/Fire      0%         6-21      100%        3
 Ignite Poison            Fire/Tmut/Pois 0%         N/A       100%        3
 Swiftness                Air            0%         N/A       100%        3
 Airstrike                Air            0%         N/A       100%        4
 Hailstorm                Conj/Ice       0%         3d3       100%        4
 Ice Form                 Ice/Tmut       0%         N/A       100%        4
 Passage of Golubria      Tloc           0%         N/A       100%        4
 Sticky Flame             Conj/Fire      0%         2d3       100%        4
 Fireball                 Conj/Fire      0%         3d3       100%        5
 Yara's Violent Unravell  Hex/Tmut       0%         3d3       100%        5
 Starburst                Conj/Fire      0%         6d3       100%        6
 Disjunction              Tloc           0%         N/A       100%        8
 Ignition                 Fire           0%         3d3       100%        8
 Maxwell's Capacitive Co  Air            0%         ∞         100%        8
 Tukima's Dance           Hex            Unusable   N/A       N/A         3
 Simulacrum               Ice/Necr       Unusable   N/A       N/A         6
 Malign Gateway           Summ/Tloc      Unusable   N/A       N/A         7
 Summon Horrible Things   Summ           Unusable   N/A       N/A         8

Dungeon Overview and Level Annotations

Branches:
Dungeon (15/15)            Temple (1/1) D:5            Lair (6/6) D:8
 Shoals (4/4) Lair:3       Spider (4/4) Lair:2        Slime (0/5) Lair:5
    Orc (2/2) D:9             Elf (0/3) Orc:2        Vaults (0/5) D:13
 Depths (1/4) D:15          Sewer (visited)

Altars:
Ashenzari
Cheibriados
Dithmenos
Elyvilon
Fedhas
Gozag
Hepliaklqana
Kikubaaqudgha
Makhleb
Nemelex Xobeh
Okawaru
Qazlal
Ru
Sif Muna
Trog
Uskayaw
Vehumet
Wu Jian
Xom
Yredelemnul
Zin
The Shining One
Jiyva

Shops:
Orc:2 :![=

Annotations:
Depths:1 Asterion


Message History

The Executioner hits you!
* * * LOW HITPOINT WARNING * * *
You block the Executioner's attack. x2
The Executioner hits you but does no damage. x3
Asterion is no longer moving quickly.
The Executioner completely misses you. You block the Executioner's attack.
The Executioner hits you but does no damage.
You block the Executioner's attack. x2; The Executioner barely misses you.
The Executioner hits you!
* * * LOW HITPOINT WARNING * * *
The Executioner hits you but does no damage. x3
The Executioner closely misses you.
The Executioner hits you but does no damage.
The Executioner hits you!
* * * LOW HITPOINT WARNING * * *
The Executioner closely misses you.
The Executioner hits you but does no damage.
There is an open door, spattered with blood here.
You feel much better. The Executioner hits you!
* * * LOW HITPOINT WARNING * * *
You block the Executioner's attack. x3; The Executioner barely misses you.
The Executioner misses you.
Asterion mumbles some strange prayers to Makhleb.
Asterion seems to speed up.
The Executioner hits you but does no damage. x3
You feel much better. You block the Executioner's attack. x2
The Executioner hits you but does no damage.
Asterion hits you from afar with a +2 vampiric demon trident!!
* * * LOW HITPOINT WARNING * * *
The Executioner hits you but does no damage.
The Executioner misses you. The Executioner closely misses you.
Asterion hits you from afar with a +2 vampiric demon trident!
* * * LOW HITPOINT WARNING * * *
The Executioner hits you but does no damage.
The Executioner misses you. The Executioner closely misses you.
Okay, then.
You blink.
Asterion conjures a destructive force in the name of Makhleb!
The iron shot hits you!!
You die...

#.......# #####'###
#.......# #..H.....
#.......# ###........
#.......# #.'........
#.......###.#......>.
#...........#........
#.....H.########)####
####.##### #.##
#@.H1.# #..#
########§#### ##.#
#.#.......#<# ##'###
#.#.###.#.#.# #.....
#.#.#...#...# #.....
#.#.#.#####.# #.....
#...#.#.....####.....
#####.#.######.'.....
#>#...#.#...##.#.....


You could see Asterion (fast) and an Executioner (summoned, fast).

Vanquished Creatures
  Mara (Spider:3)
  Nikola (Spider:1)
  Mlioglotl (Spider:3)
  Rupert (Arena)
  The ghost of Tuvvit the Martial Artist, an adept GnTm of Cheibriados (Lair:3)
  A kraken (Shoals:3)
  The ghost of Wopnel the Fighter, an adept DsVM of Vehumet (Spider:4)
  Donald (Spider:1)
  3 fire giants (Depths:1)
  4 ghost moths
  An orc warlord (Orc:1)
  5 emperor scorpions (Spider:4)
  The ghost of NigelTetley the Grappler, a journeyman TrFi of Zin (Orc:2)
  A stone giant (Depths:1)
  5 entropy weavers
  2 spark wasps
  An ettin (Depths:1)
  Josephine (Orc:1)
  8 merfolk impalers
  2 fire dragons (Depths:1)
  A great orb of eyes (Depths:1)
  3 ice dragons (Depths:1)
  Harold (D:7)
  2 merfolk javelineers (Shoals:4)
  4 rakshasas
  5 vault guards (D:13)
  Erolcha (Orc:2)
  A spriggan air mage (Depths:1)
  A death knight (D:14)
  8 hydras
  6 boulder beetles
  2 merfolk aquamancers
  4 centaur warriors
  2 two-headed ogres
  2 satyrs
  7 merfolk avatars
  2 tengu warriors (Depths:1)
  5 orc high priests
  A deep elf knight (D:13)
  2 sun demons (Depths:1)
  2 soul eaters (Depths:1)
  A spark wasp zombie (Depths:1)
  3 deep trolls (D:10)
  21 sea snakes
  A kraken simulacrum (Shoals:4)
  A glowing orange brain (D:15)
  4 orc knights (Orc:2)
  Pikel (D:7)
  5 deep elf pyromancers
  15 orb spiders
  3 deep elf archers
  2 necromancers
  9 ugly things
  8 orc sorcerers
  17 harpies
  An oklob plant (Lair:4)
  16 wolf spiders
  20 fauns
  19 manticores
  4 cyclopes
  A moth of wrath (Spider:2)
  4 elephants (Lair:3)
  6 water nymphs
  2 centaur zombies
  13 merfolk sirens
  A black mamba (Lair:5)
  A torpor snail (shapeshifter) (D:15)
  2 gargoyles
  2 smoke demons (Depths:1)
  A torpor snail (Lair:6)
  An unseen horror (D:12)
  2 rime drakes
  Psyche (D:8)
  12 cane toads
  3 freezing wraiths (D:14)
  7 demonic crawlers
  8 komodo dragons
  A yaktaur (shapeshifter) (D:15)
  An efreet (D:7)
  22 merfolk
  7 trolls
  27 jumping spiders
  9 hornets
  3 meliai (D:15)
  7 polar bears
  A tengu simulacrum (Depths:1)
  6 wind drakes
  8 snapping turtles
  3 blink frogs (Lair:5)
  13 slime creatures
  11 dream sheep
  A fire giant simulacrum (Depths:1)
  A stone giant simulacrum (Depths:1)
  A vampire (D:10)
  11 water elementals
  Sigmund (D:5)
  11 spriggans (Lair:6)
  An ettin skeleton (Depths:1)
  74 redbacks
  24 tarantellas
  A human (D:15)
  6 wraiths
  4 hogs (D:15)
  6 wyverns
  30 yaks
  3 basilisks
  2 steam dragons
  8 vampire mosquitoes
  2 wargs (Orc:1)
  2 acid dragons (D:9)
  A sky beast (D:6)
  10 water moccasins
  An ice beast (D:8)
  6 black bears
  24 orc warriors
  2 elephant zombies (Lair:5)
  14 ogres
  8 boggarts
  35 wolves
  13 centaurs
  3 phantoms
  6 kobold brigands
  A lemure (D:7)
  7 bullfrogs
  5 gnoll sergeants
  A scorpion (D:7)
  A water moccasin skeleton (D:6)
  A water moccasin zombie (D:5)
  5 wights
  23 killer bees
  12 electric eels
  A howler monkey (D:8)
  2 bullfrog zombies (D:6)
  A jelly (D:7)
  2 basilisk zombies (Lair:5)
  16 orc priests
  A hound (D:4)
  2 centaur skeletons (D:7)
  5 iguanas
  21 orc wizards
  6 hell rats (Lair:3)
  A hound skeleton (D:4)
  2 howler monkey zombies
  8 adders
  11 gnolls
  3 river rats (Sewer)
  A white imp (D:6)
  An ufetubus (D:7)
  3 worms
  3 dart slugs
  77 orcs
  11 ball pythons
  7 endoplasms
  4 giant cockroaches
  8 goblins
  13 hobgoblins
  9 jackals
  2 quokkas (D:1)
  4 bats
  3 frilled lizards
  20 kobolds
  6 rats
  3 tentacles
1066 creatures vanquished.

Vanquished Creatures (others)
  Kirke (D:15)
  A fire giant (Depths:1)
  A wizard (D:13)
  5 redbacks (Spider:1)
  An orc wizard (Orc:2)
  13 fungi
  96 plants
  9 tentacles
127 creatures vanquished.

Grand Total: 1193 creatures vanquished

Notes
Turn   | Place    | Note
-------+----------+-------------------------------------------
     0 | D:1      | mcbry74 the Hill Orc Fighter began the quest for the Orb.
     0 | D:1      | Reached XP level 1. HP: 19/19 MP: 1/1
    45 | D:1      | Reached skill level 3 in Axes
    61 | D:1      | Reached XP level 2. HP: 20/26 MP: 2/2
   419 | D:1      | Reached skill level 4 in Axes
   498 | D:1      | Found a faded altar of an unknown god.
   505 | D:1      | Reached XP level 3. HP: 31/31 MP: 3/3
   932 | D:1      | Reached skill level 5 in Axes
  1288 | D:2      | Reached XP level 4. HP: 30/30 MP: 4/4
  1490 | D:2      | Reached skill level 6 in Axes
  2474 | D:3      | Found a basalt altar of Yredelemnul.
  2474 | D:3      | Found a shadowy altar of Dithmenos.
  2483 | D:3      | Found an ornate altar of the Wu Jian Council.
  2483 | D:3      | Found a radiant altar of Vehumet.
  2507 | D:3      | Reached XP level 5. HP: 32/41 MP: 2/5
  3031 | D:3      | Reached skill level 7 in Axes
  3351 | D:4      | Noticed a kobold brigand
  3657 | D:4      | Reached XP level 6. HP: 52/52 MP: 6/6
  3714 | D:4      | Found a sparkling altar of Nemelex Xobeh.
  3850 | D:4      | Reached skill level 8 in Axes
  4043 | D:4      | Found a shimmering blue altar of Sif Muna.
  4084 | D:4      | Found a broken altar of Ashenzari.
  4220 | D:4      | Reached XP level 7. HP: 60/60 MP: 7/7
  4222 | D:4      | Reached skill level 5 in Fighting
  4370 | D:5      | Entered Level 5 of the Dungeon
  4625 | D:5      | Noticed Sigmund
  4643 | D:5      | Killed Sigmund
  4644 | D:5      | Reached skill level 5 in Armour
  4697 | D:5      | Found a staircase to the Ecumenical Temple.
  4704 | Temple   | Entered the Ecumenical Temple
  4768 | Temple   | Became a worshipper of Warmaster Okawaru
  4861 | D:5      | Found an opulent altar of Gozag.
  5347 | D:5      | Noticed a steam dragon
  5355 | D:5      | Noticed a steam dragon
  5365 | D:5      | Killed a steam dragon
  5366 | D:5      | Reached skill level 9 in Axes
  5366 | D:5      | Reached XP level 8. HP: 56/70 MP: 8/8
  5873 | D:6      | Found a glowing drain.
  5882 | Sewer    | Entered a sewer
  6024 | Sewer    | Reached * piety under Okawaru
  6051 | Sewer    | Found a white marble altar of Elyvilon.
  6284 | D:6      | Reached skill level 1 in Short Blades
  6284 | D:6      | Reached skill level 10 in Axes
  6447 | D:6      | HP: 3/73 [electric eel/bolt of electricity (10)]
  7028 | D:6      | Reached XP level 9. HP: 48/79 MP: 4/9
  7711 | D:7      | You fall into a shaft and drop 1 floor!
  7711 | D:8      | Found a hazy altar of Hepliaklqana.
  7723 | D:8      | Noticed Psyche
  7739 | D:8      | Killed Psyche
  7739 | D:8      | Reached ** piety under Okawaru
  7862 | D:8      | Noticed an efreet
  7878 | D:8      | Found a staircase to the Lair.
  8082 | D:7      | Noticed Harold
  8106 | D:7      | Killed Harold
  8107 | D:7      | Reached skill level 11 in Axes
  8255 | D:7      | Found a bloodstained altar of Trog.
  8255 | D:7      | Found a shimmering altar of Xom.
  8312 | D:7      | Identified the +3 leather armour of the Engineer {rElec
                  | rF++ Dex+4}
  8407 | D:7      | Reached XP level 10. HP: 47/91 MP: 11/13
  8677 | D:7      | Reached *** piety under Okawaru
  8833 | D:7      | Reached skill level 1 in Maces & Flails
  9114 | D:7      | Reached skill level 12 in Axes
  9126 | D:7      | Noticed Pikel
  9139 | D:7      | Killed Pikel
  9508 | D:7      | Reached skill level 10 in Fighting
  9759 | D:8      | Found a stormy altar of Qazlal.
 10553 | D:9      | Reached **** piety under Okawaru
 10618 | D:9      | Noticed a two-headed ogre
 10648 | D:9      | Killed a two-headed ogre
 10649 | D:9      | Reached skill level 13 in Axes
 10649 | D:9      | Reached skill level 5 in Maces & Flails
 10651 | D:9      | Reached XP level 11. HP: 40/101 MP: 5/14
 10922 | D:9      | Found a hide-covered altar of Uskayaw.
 11076 | D:9      | Reached skill level 5 in Invocations
 11224 | D:9      | Reached skill level 1 in Throwing
 11479 | D:9      | Found a staircase to the Orcish Mines.
 11517 | D:9      | Reached skill level 1 in Evocations
 12465 | Lair:1   | Entered Level 1 of the Lair of Beasts
 12530 | Lair:1   | Reached ***** piety under Okawaru
 13764 | Lair:1   | Reached skill level 5 in Evocations
 13764 | Lair:1   | Reached XP level 12. HP: 108/108 MP: 16/18
 13837 | Lair:2   | Reached skill level 5 in Throwing
 14241 | Lair:2   | Noticed a four-headed hydra
 14252 | Lair:2   | Killed a one-headed hydra
 14356 | Lair:2   | Noticed a five-headed hydra
 14375 | Lair:2   | Killed a one-headed hydra
 14554 | Lair:2   | Received a gift from Okawaru
 14653 | Lair:2   | Reached XP level 13. HP: 107/115 MP: 16/19
 14815 | Lair:2   | Found a hole to the Spider Nest.
 14825 | Lair:2   | Got Eblunergh's Handbook of Feathers
 15040 | Lair:3   | Reached skill level 5 in Long Blades
 16089 | Lair:3   | Reached skill level 10 in Invocations
 16845 | Lair:3   | Found a staircase to the Shoals.
 17653 | Lair:4   | Received a gift from Okawaru
 18043 | Lair:4   | Identified the +6 leather armour "Jacrin" {rPois rF+}
 19424 | Lair:5   | Reached skill level 10 in Short Blades
 19546 | Lair:5   | Found a viscous altar of Jiyva.
 19547 | Lair:5   | Found a staircase to the Slime Pits.
 19810 | Lair:5   | Reached ****** piety under Okawaru
 20082 | Orc:1    | Entered Level 1 of the Orcish Mines
 20352 | Orc:1    | Noticed an orc warlord
 20383 | Orc:1    | Reached XP level 14. HP: 75/122 MP: 13/22
 20823 | D:9      | Received a gift from Okawaru
 21822 | Orc:1    | Killed an orc warlord
 22132 | Orc:1    | Identified the +7 scimitar "Ogah" {vorpal, rElec rF- rN+
                  | Int+4}
 22263 | Orc:1    | Received a gift from Okawaru
 22385 | Orc:2    | Entered Level 2 of the Orcish Mines
 22666 | Orc:2    | Found a runed translucent door.
 22671 | Orc:2    | Noticed NigelTetley's ghost (journeyman TrFi)
 22671 | Orc:2    | Found the +7 captain's cutlass {speed, disarm}
 22697 | Orc:2    | Killed NigelTetley's ghost
 22888 | Orc:2    | Identified the +8 broad axe of Perfectionism {freeze,
                  | Stlth+}
 23000 | Orc:2    | Noticed Erolcha
 23056 | Orc:2    | Killed Erolcha
 23056 | Orc:2    | Received a gift from Okawaru
 23151 | Orc:2    | Noticed Rupert
 23190 | Arena    | Entered the Arena
 23208 | Arena    | Killed Rupert
 23732 | Orc:2    | Noticed Josephine
 23766 | Orc:1    | Killed Josephine
 24583 | Orc:2    | Identified the +3 buckler of Nawif {-Cast +Blink rPois
                  | Dex+6} (Okawaru gifted it to you on level 2 of the Orcish
                  | Mines)
 24583 | Orc:2    | Received a gift from Okawaru
 24910 | Orc:2    | Found a staircase to the Elven Halls.
 24990 | Orc:2    | Found Igret's Book Shoppe.
 24998 | Orc:2    | Found Ruuracokh's Antique Armour Boutique.
 25000 | Orc:2    | Found Vielyesi's Jewellery Shoppe.
 25001 | Orc:2    | Found Veatex's Distillery.
 25027 | Orc:2    | Bought a potion of heal wounds for 85 gold pieces
 25029 | Orc:2    | Bought a manual of Dodging for 1120 gold pieces
 25221 | D:10     | Entered Level 10 of the Dungeon
 25452 | D:10     | Found the amulet of Vitality {Regen+ HP+15}
 25890 | D:10     | Reached skill level 1 in Dodging
 25890 | D:10     | Reached skill level 5 in Shields
 26936 | D:11     | Reached XP level 15. HP: 128/128 MP: 24/24
 28634 | D:13     | Received a gift from Okawaru
 28901 | D:13     | Identified the +2 pair of boots of the Unbroken {rF+
                  | Will+++ Str-5 Dex+8} (Okawaru gifted it to you on level 13
                  | of the Dungeon)
 28901 | D:13     | Received a gift from Okawaru
 29179 | D:13     | Found a gate to the Vaults.
 30528 | D:14     | Reached skill level 10 in Armour
 31164 | D:15     | Entered Level 15 of the Dungeon
 31207 | D:15     | Reached skill level 5 in Dodging
 31241 | D:15     | Reached skill level 10 in Long Blades
 31284 | D:15     | Found a staircase to the Depths.
 31334 | D:15     | Reached skill level 10 in Evocations
 31604 | D:15     | Noticed Kirke
 31616 | D:15     | Killed Kirke
 32126 | Lair:6   | Entered Level 6 of the Lair of Beasts
 32297 | Lair:6   | Identified the +3 spear "Ubuvi" {elec, rElec rC- Int-2
                  | SInv}
 32306 | Lair:6   | Reached XP level 16. HP: 136/136 MP: 25/25
 32454 | Lair:6   | Received a gift from Okawaru
 32835 | Lair:6   | Received a gift from Okawaru
 33271 | Lair:6   | Found the +2 ratskin cloak {*Rats rPois rN+ Str-1 Int-1
                  | Dex+1}
 33588 | Orc:2    | Bought a +4 ring of slaying for 1248 gold pieces
 33725 | Lair:1   | Upgraded the game from 0.28-a0-906-g0406aca7d3 to
                  | 0.28-a0-909-g796cbd3a86
 33786 | Shoals:1 | Entered Level 1 of the Shoals
 33955 | Lair:3   | Received a gift from Okawaru
 34139 | Shoals:1 | Noticed Tuvvit's ghost (adept GnTm)
 34181 | Shoals:1 | Identified the +3 double sword "Murmur" {venom, rN+ Will+
                  | Stlth+} (Okawaru gifted it to you on level 1 of the Shoals)
 34181 | Shoals:1 | Received a gift from Okawaru
 34215 | Shoals:1 | Found a runed translucent gate.
 34215 | Shoals:1 | Found a runed translucent gate.
 34217 | Shoals:1 | Found a runed translucent gate.
 35368 | Lair:3   | Killed Tuvvit's ghost
 35369 | Lair:3   | Reached skill level 10 in Throwing
 35667 | Shoals:2 | Received a gift from Okawaru
 36230 | Shoals:2 | Reached XP level 17. HP: 144/144 MP: 26/26
 37153 | Shoals:3 | Reached skill level 14 in Axes
 37420 | Shoals:3 | Noticed a kraken
 37429 | Shoals:3 | Killed a kraken
 37967 | Shoals:4 | Entered Level 4 of the Shoals
 38036 | Shoals:4 | Received a gift from Okawaru
 38052 | Shoals:4 | Got the Reference Book on the Traveller and Lightness
 38522 | Shoals:4 | Received a gift from Okawaru
 38892 | Shoals:4 | Received a gift from Okawaru
 39018 | Shoals:4 | Reached skill level 10 in Shields
 39090 | Shoals:4 | Got a barnacled rune of Zot
 40310 | Spider:1 | Entered Level 1 of the Spider Nest
 40319 | Spider:1 | Noticed Nikola
 40340 | Spider:1 | Killed Nikola
 40511 | Spider:1 | Noticed Donald
 40528 | Spider:1 | Killed Donald
 40636 | Spider:1 | Reached skill level 15 in Axes
 40745 | Spider:1 | You fall into a shaft and drop 1 floor!
 40763 | Spider:2 | Reached XP level 18. HP: 155/155 MP: 28/28
 40770 | Spider:2 | Reached skill level 10 in Dodging
 41457 | Spider:2 | Received a gift from Okawaru
 41665 | Spider:2 | Received a gift from Okawaru
 42266 | Spider:3 | Noticed Mara
 42286 | Spider:3 | Killed Mara
 42300 | Spider:3 | Received a gift from Okawaru
 42820 | Spider:3 | Noticed Mlioglotl
 42840 | Spider:3 | Killed Mlioglotl
 42840 | Spider:3 | Received a gift from Okawaru
 43172 | Spider:3 | Received a gift from Okawaru
 43567 | Spider:4 | Entered Level 4 of the Spider Nest
 43882 | Spider:4 | Found a runed translucent door.
 43887 | Spider:4 | Noticed Wopnel's ghost (adept DsVM)
 43964 | Spider:4 | Killed Wopnel's ghost
 44313 | Spider:4 | Reached skill level 16 in Axes
 44575 | Spider:4 | HP: 6/174 [spark wasp (13)]
 45056 | Spider:4 | Got a gossamer rune of Zot
 46076 | Depths:1 | Entered Level 1 of the Depths
 46251 | Depths:1 | Found an ancient bone altar of Kikubaaqudgha.
 46347 | Depths:1 | Reached XP level 19. HP: 160/166 MP: 29/29
 46931 | Depths:1 | Received a gift from Okawaru
 47094 | Depths:1 | Noticed Asterion
 47133 | Depths:1 | HP: 5/182 [Executioner[Asterion] (10)]
 47136 | Depths:1 | Killed from afar by Asterion

Illustrated notes

Levels and vault maps discovered:
D:1:      elethiomel_arrival_maze, layout_basic,
          hellmonk_ecumenical_altar_lost_god, minmay_misc_feat_secret_circle
D:2:      layout_loops_corners, st_stairs_5, minivault_23
D:3:      layout_basic, grunt_temple_overflow_open, serial_aquarium,
          aquarium_bridge_square [aquarium_subvault_bridge,
          aquarium_subvault_window, aquarium_subvault_bridge,
          aquarium_subvault_bridge], aquarium_window_corner,
          aquarium_window_fake, aquarium_window_corner, aquarium_view_2c,
          aquarium_view_2b, aquarium_pool_2, kennysheep_boxes
D:4:      layout_basic, nicolae_ashenzari_panopticon, mainiacjoe_overflow_swirl,
          minmay_manual_mail
D:5:      kennysheep_steamy, layout_loops_corners,
          nicolae_overflow_crystal_walls, minmay_temple_entry_overgrown,
          kennysheep_small_square, uniq_sigmund
D:6:      layout_loops_ring, serial_bayou, serial_bayou_lake_a,
          serial_bayou_lagoon_a, serial_bayou_crossing, serial_bayou_pond_c,
          cheibrodos_sewer_entry_drain
D:7:      layout_basic, gammafunk_temple_overflow_wave, uniq_pikel, uniq_harold
D:8:      layout_rooms, lemuel_crystal_altar, mainiacjoe_overflow_cross_hatched,
          lair_entry_dummy, nicolae_lava_and_water, uniq_psyche
D:9:      minmay_goldmine, layout_cave_pools, mainiacjoe_overflow_paths,
          kennysheep_orc_monster_closet_entryway, serial_park,
          serial_park_tiny_2, serial_park_square3 [serial_park_minivault_5x5_7],
          serial_park_square3 [serial_park_minivault_5x5_6],
          serial_park_tiny_pond, chequers_serial_rivers_micro_a
D:10:     layout_basic, hellmonk_guarded_unrand_vitality_bloodlust
D:11:     layout_basic, hangedman_decor_clover_reticule
D:12:     layout_loops_corners, drop_trap
D:13:     layout_loops_ring, grunt_vaults_entry_fortified
D:14:     layout_cave_pods, hangedman_decor_cross_pass
D:15:     gammafunk_enter_depths_forms, layout_basic, serial_bayou_pond_e,
          uniq_kirke
Temple:   jpeg_temple_island
Lair:1:   layout_cave_pods, serial_bayou_shore_a, lemuel_fruit_fields
Lair:2:   layout_gridlike, spider_nest_entry_web_field, beast_lair_carwin_4
Lair:3:   layout_hall_layers, elwin_shoals_entry_rocks,
          chequers_serial_rivers_micro_e, lemuel_fruit_fields,
          lemuel_fruit_tree, serial_bayou_shore_b
Lair:4:   layout_misc_corridors
Lair:5:   pond_and_an_island_with_a_cottage, layout_gridlike, slime_altar_1,
          lookout_lair_type
Lair:6:   minmay_lair_end_enchanted_forest, layout_cellular_growth
Shoals:1: layout_shoals, gammafunk_ghost_split
Shoals:2: layout_shoals, nicolae_shoals_lost_giant_temple
Shoals:3: layout_shoals
Shoals:4: shoals_end_grunt_ice, layout_shoals
Spider:1: layout_spider_delve, uniq_nikola, uniq_donald
Spider:2: layout_spider_delve
Spider:3: layout_spider_delve, uniq_mlioglotl, uniq_mara
Spider:4: spider_rune_water, ebering_ghost_reflecting_pool,
          nicolae_spider_baby_got_redback
Orc:1:    layout_caves, elf_legates
Orc:2:    st_orc_elflike, layout_diamond_mine, ebering_ghost_reflecting_pool,
          uniq_erolcha, uniq_josephine, uniq_rupert
Depths:1: layout_roguey, hellmouth_3, nicolae_kikubaaqudgha_miasma_corner,
          chequers_serial_rivers_room_a, minmay_serpent_palace,
          serial_bayou_shore_b, uniq_asterion

Skill      XL: |  1  2  3  4  5  6  7  8  9 10 11 12 13 14 15 16 17 18 19 |
---------------+----------------------------------------------------------+-----
Axes           | 3 4 5 6 7 8 9 10 11 13 15 16 | 16.6
Fighting       | 4 6 7 9 10 11 12 13 14 | 14.2
Armour         | 4 5 6 8 9 10 11 12 13 14 | 14.0
Short Blades   | 3 6 7 10 12 13 14 | 14.3
Invocations    | 4 8 9 11 12 13 14 | 14.0
Maces & Flails | 5 6 |  6.9
Throwing       | 4 5 7 8 9 10 | 10.0
Evocations     | 5 7 9 10 | 10.3
Long Blades    | 3 4 7 8 10 | 10.7
Shields        | 5 7 8 10 11 12 | 12.1
Dodging        | 1 5 8 9 11 12 | 12.0

Action                   |  1- 3 |  4- 6 |  7- 9 | 10-12 | 13-15 | 16-18 | 19-21 || total
-------------------------+-------+-------+-------+-------+-------+-------+-------++-------
Melee: War axe           |   124 |    44 |       |       |       |       |       ||   168
       Hand axe          |       |   169 |   366 |   467 |   387 |       |       ||  1389
       Scimitar          |       |       |       |    17 |   607 |   592 |       ||  1216
       Whip              |       |       |       |       |    15 |       |       ||    15
       Broad axe         |       |       |       |       |   302 |   610 |    70 ||   982
       Cutlass           |       |       |       |       |   164 |   363 |   190 ||   717
       Demon whip        |       |       |       |       |       |    63 |       ||    63
Throw: Dart              |       |       |     1 |    16 |    12 |       |     2 ||    31
       Javelin           |       |       |       |       |    13 |       |       ||    13
       Boomerang         |       |       |       |       |   210 |   225 |    12 ||   447
Invok: Heroism           |       |       |     2 |     2 |       |       |       ||     4
       Finesse           |       |       |       |     3 |     8 |     5 |     1 ||    17
       Duel              |       |       |       |       |     1 |       |       ||     1
 Abil: Evoke Blink       |       |       |       |       |       |       |     1 ||     1
Evoke: Wand              |       |       |       |       |    42 |    19 |       ||    61
  Use: Scroll            |     2 |     6 |     2 |     5 |     7 |     8 |     2 ||    32
       Potion            |     1 |       |     2 |     2 |     5 |     1 |     4 ||    15
 Stab: Held in net/web   |       |       |       |       |       |     3 |       ||     3
       Distracted        |       |       |       |       |       |     1 |       ||     1
Armor: Chain mail        |    87 |    92 |       |       |       |       |       ||   179
       Plate armour      |       |    20 |   166 |    25 |   336 |   696 |   115 ||  1358
       Leather armour    |       |       |       |    85 |   149 |     4 |       ||   238
Dodge: Dodged            |    43 |    64 |   128 |   248 |   565 |   668 |   119 ||  1835
Block: Buckler           |    28 |    35 |    61 |    86 |   387 |   745 |   102 ||  1444

Table legend: (Time is in decaauts)
 A = Elapsed time spent in this place.
 B = Non-inter-level travel time spent in this place.
 C = Inter-level travel time spent in this place.
 D = Time resting spent in this place.
 E = Time spent auto-exploring this place.
 F = Levels seen in this place.
 G = Mean time per level.
                   A        B        C        D        E       F      G
               +--------+--------+--------+--------+--------+-----+--------+
         Total |  45934 |  42401 |   3533 |  11397 |  20329 |  35 | 1312.4 |
       Dungeon |  20980 |  19593 |   1387 |   5258 |  10129 |  15 | 1398.7 |
        Temple |     76 |     76 |      0 |      0 |     55 |   1 |   76.0 |
          Lair |  10163 |   9005 |   1158 |   3291 |   4061 |   6 | 1693.8 |
        Shoals |   5230 |   4936 |    294 |    332 |   2380 |   4 | 1307.5 |
   Spider Nest |   4478 |   4162 |    316 |    472 |   2516 |   4 | 1119.5 |
  Orcish Mines |   3847 |   3473 |    374 |   1664 |    849 |   2 | 1923.5 |
        Depths |    878 |    876 |      2 |    295 |    227 |   1 |  878.0 |
         Sewer |    235 |    235 |      0 |     51 |    110 |   1 |  235.0 |
         Arena |     42 |     42 |      0 |     31 |      0 |   1 |   42.0 |
               +--------+--------+--------+--------+--------+-----+--------+

Top non-repeatable levels by time:
     D:9: 2818 daAuts
  Lair:3: 2604 daAuts
   Orc:2: 2322 daAuts
     D:6: 2016 daAuts
  Lair:1: 1931 daAuts
     D:7: 1908 daAuts
  Lair:2: 1868 daAuts
     D:8: 1620 daAuts
   Orc:1: 1525 daAuts
Shoals:4: 1474 daAuts
    D:10: 1454 daAuts
  Lair:5: 1449 daAuts
    D:13: 1447 daAuts
Spider:4: 1426 daAuts
Shoals:2: 1317 daAuts
